SOB
SAN JOSE VOLCANOES @ SAN JUAN PITORROS
12/24/1981
 
TOP OF THE 1ST
Havana Conejitos batting - Pitching for Guadalajara Marianchis : RHP Keith Call
Pitching: RHP Keith Call
Batting: RHB Vern Thomas 0-0: Swinging Strike
0-1: Ball
1-1: SINGLE (Groundball, 6MD, EV 100.0 MPH)
Batting: RHB Jesus Alfaro 0-0: Called Strike
0-1: Ball
Wild Pitch!
Vern Thomas to second
1-1: Foul Ball, location: 2F
1-2: Foul Ball, location: 2F
1-2: Ball
2-2: Strikes out swinging
Batting: RHB Marco Mosquera 0-0: SINGLE (Groundball, 56D, EV 101.3 MPH)
Vern Thomas to third
Runner from 3rd tries for Home, SAFE, throw by LF to home
Marco Mosquera to second
Batting: RHB Luis Gonzalez 0-0: Called Strike
0-1: Foul Ball, location: 2F
0-2: Foul Ball, location: 2F
0-2: Fly out, F4 (Popup, 34S, EV 78.1 MPH)
Batting: RHB John Malkin 0-0: Called Strike
0-1: Ball
1-1: Fly out, F8 (Flyball, 8LM, EV 81.9 MPH)
Top of the 1st over - 1 run, 2 hits, 0 errors, 1 left on base; Havana 1 - Guadalajara 0
BOTTOM OF THE 1ST
Guadalajara Marianchis batting - Pitching for Havana Conejitos : RHP Frank Pastore
Pitching: RHP Frank Pastore
Batting: LHB Arnulfo Camacho 0-0: Fly out, F9 (Flyball, 89D, EV 108.1 MPH)
Batting: RHB Ty Waller 0-0: Called Strike
0-1: Foul Ball, location: 2F
0-2: Ball
1-2: Foul Ball, location: 2F
1-2: Foul Ball, location: 2F
1-2: Foul Ball, location: 2F
1-2: Ball
2-2: Strikes out looking
Batting: RHB Reggie Whittemore 0-0: Ball
1-0: Ball
2-0: Swinging Strike
2-1: Foul Ball, location: 2F
2-2: Strikes out swinging, 2-3 out at first.
Bottom of the 1st over - 0 runs, 0 hits, 0 errors, 0 left on base; Havana 1 - Guadalajara 0
TOP OF THE 2ND
Havana Conejitos batting - Pitching for Guadalajara Marianchis : RHP Keith Call
Batting: LHB Fernando Vazquez 0-0: Ball
1-0: Foul Ball, location: 2F
1-1: Foul Ball, location: 2F
1-2: Fly out, F9 (Flyball, 9S, EV 84.4 MPH)
Batting: RHB Danny Huffstickler 0-0: Called Strike
0-1: Ball
1-1: Ball
2-1: Ball
3-1: Called Strike
3-2: Base on Balls
Batting: RHB Tracy Cowger 0-0: Ball
1-0: Ball
2-0: Called Strike
2-1: Ball
3-1: Fly out, F7 (Line Drive, 7, EV 94.4 MPH)
Batting: RHB Victor Mabee 0-0: Called Strike
0-1: Foul Ball, location: 2F
0-2: Ball
1-2: Ball
2-2: Ball
3-2: Ground out 4-3 (Groundball, 4S, EV 83.8 MPH)
Top of the 2nd over - 0 runs, 0 hits, 0 errors, 1 left on base; Havana 1 - Guadalajara 0
BOTTOM OF THE 2ND
Guadalajara Marianchis batting - Pitching for Havana Conejitos : RHP Frank Pastore
Batting: RHB George Foussianes 0-0: Ball
1-0: Foul Ball, location: 2F
1-1: Swinging Strike
1-2: Strikes out swinging
Batting: RHB Mark Maher 0-0: Foul Ball, location: 2F
0-1: Ball
1-1: Ball
2-1: Ball
3-1: Base on Balls
Batting: RHB Douglas Wabeke 0-0: Called Strike
0-1: Ball
1-1: Foul Ball, location: 2F
1-2: Foul Ball, location: 2F
1-2: Grounds into double play, 5-4-3 (Groundball, 56, EV 104.4 MPH)
Bottom of the 2nd over - 0 runs, 0 hits, 0 errors, 0 left on base; Havana 1 - Guadalajara 0
TOP OF THE 3RD
Havana Conejitos batting - Pitching for Guadalajara Marianchis : RHP Keith Call
Batting: RHB Vern Thomas 0-0: Fly out, F4 (Popup, 4, EV 50.0 MPH)
Batting: RHB Jesus Alfaro 0-0: Ball
1-0: Foul Ball, location: 2F
1-1: Ball
2-1: Ball
3-1: Base on Balls
Batting: RHB Marco Mosquera 0-0: Called Strike
0-1: SINGLE (Line Drive, 9S, EV 113.1 MPH)
Jesus Alfaro to second
Batting: RHB Luis Gonzalez 0-0: Ball
1-0: Ball
2-0: Called Strike
2-1: SINGLE (Groundball, 56D, EV 103.8 MPH)
Jesus Alfaro to third
Marco Mosquera to second
Runner from 3rd tries for Home, SAFE, throw by LF to home
Batting: RHB John Malkin 0-0: Swinging Strike
0-1: Ball
1-1: Ball
2-1: Foul Ball, location: 2F
2-2: Ball
3-2: Foul Ball, location: 2F
3-2: Fly out, F3 (Popup, 3SF, EV 77.5 MPH)
Batting: LHB Fernando Vazquez 0-0: Ball
1-0: Ball
2-0: Ball
3-0: Foul Ball, location: 2F
3-1: Base on Balls
Marco Mosquera to third
Luis Gonzalez to second
Batting: RHB Danny Huffstickler 0-0: Foul Ball, location: 2F
0-1: Ball
1-1: Ball
2-1: Ball
3-1: SINGLE (Line Drive, 8RS, EV 93.8 MPH)
Marco Mosquera scores
Luis Gonzalez to third
Fernando Vazquez to second
Runner from 3rd tries for Home, SAFE, no throw by CF
Batting: RHB Tracy Cowger 0-0: Foul Ball, location: 2F
0-1: Ball
1-1: Fly out, F1 (Line Drive, P, EV 65.0 MPH)
Top of the 3rd over - 3 runs, 3 hits, 0 errors, 2 left on base; Havana 4 - Guadalajara 0
BOTTOM OF THE 3RD
Guadalajara Marianchis batting - Pitching for Havana Conejitos : RHP Frank Pastore
Batting: RHB Steven Houlberg 0-0: Ball
1-0: Ball
2-0: Foul Ball, location: 2F
2-1: Hit by Pitch
Batting: RHB Mark Thiel 0-0: Ball
1-0: Ball
2-0: Called Strike
2-1: Ball
3-1: Fly out, F4 (Popup, 4, EV 75.0 MPH)
Batting: SHB Phillip Doktor 0-0: Swinging Strike
0-1: Fielders Choice at 2nd, 1-6 (Groundball, P, EV 68.8 MPH)
Batting: LHB Arnulfo Camacho 0-0: Called Strike
Phillip Doktor steals 2nd base
0-1: Ball
1-1: Foul Ball, location: 2F
1-2: Strikes out looking
Bottom of the 3rd over - 0 runs, 0 hits, 0 errors, 1 left on base; Havana 4 - Guadalajara 0
TOP OF THE 4TH
Havana Conejitos batting - Pitching for Guadalajara Marianchis : RHP Keith Call
Batting: RHB Victor Mabee 0-0: Foul Ball, location: 2F
0-1: SINGLE (Line Drive, 7LS, EV 106.9 MPH)
Batting: RHB Vern Thomas 0-0: Ball
1-0: Ball
2-0: Ball
3-0: Base on Balls
Victor Mabee to second
Batting: RHB Jesus Alfaro 0-0: Ball
1-0: Foul Ball, location: 2F
1-1: Swinging Strike
1-2: Ball
2-2: Ball
3-2: Foul Ball, location: 2F
3-2: Foul Ball, location: 2F
3-2: Foul Ball, location: 2F
3-2: Base on Balls
Victor Mabee to third
Vern Thomas to second
Batting: RHB Marco Mosquera 0-0: Ball
1-0: Called Strike
1-1: Ball
2-1: Ball
3-1: Called Strike
3-2: Base on Balls
Victor Mabee scores
Vern Thomas to third
Jesus Alfaro to second
Pitching: LHP Richard Ford
Batting: RHB Luis Gonzalez 0-0: SINGLE (Flyball, 8LS, EV 92.5 MPH)
Vern Thomas scores
Jesus Alfaro to third
Marco Mosquera to second
Batting: RHB John Malkin 0-0: Ball
1-0: GRAND SLAM HOME RUN (Flyball, 7LD, EV 113.8 MPH), Distance : 336 ft
Batting: LHB Fernando Vazquez 0-0: Ball
1-0: Foul Ball, location: 2F
1-1: Foul Ball, location: 2F
1-2: Ball
2-2: Foul Ball, location: 2F
2-2: Ball
3-2: SINGLE (Groundball, 56D, EV 99.4 MPH)
Batting: RHB Danny Huffstickler 0-0: Ball
1-0: Ball
2-0: Ball
3-0: Called Strike
3-1: Base on Balls
Fernando Vazquez to second
Batting: RHB Tracy Cowger 0-0: Called Strike
0-1: Ball
1-1: Fielders Choice at 2nd, 2-6 (Groundball, 13S, EV 68.1 MPH)
Fernando Vazquez to third
Batting: RHB Victor Mabee 0-0: Ball
1-0: Ball
2-0: Swinging Strike
2-1: TRIPLE (Line Drive, 9D, EV 110.0 MPH)
Fernando Vazquez scores
Tracy Cowger scores
Pitching: RHP Michael Moore
Batting: RHB Vern Thomas 0-0: Ball
1-0: Ball
2-0: Ball
3-0: Base on Balls
Batting: RHB Jesus Alfaro 0-0: Ball
1-0: SINGLE (Groundball, 56D, EV 108.1 MPH)
Victor Mabee scores
Vern Thomas to second
Batting: RHB Marco Mosquera 0-0: Ball
1-0: Ball
2-0: Ball
3-0: Base on Balls
Vern Thomas to third
Jesus Alfaro to second
Batting: RHB Luis Gonzalez 0-0: Swinging Strike
0-1: Called Strike
0-2: Strikes out swinging
Batting: RHB John Malkin 0-0: Foul Ball, location: 2F
0-1: Swinging Strike
0-2: Ground out U3 (Groundball, 3, EV 106.3 MPH)
Top of the 4th over - 9 runs, 6 hits, 0 errors, 3 left on base; Havana 13 - Guadalajara 0
BOTTOM OF THE 4TH
Guadalajara Marianchis batting - Pitching for Havana Conejitos : RHP Frank Pastore
Batting: RHB Ty Waller 0-0: Ball
1-0: Called Strike
1-1: Swinging Strike
1-2: Reached on error, E5 (Groundball, 5L, EV 77.5 MPH)
Batting: RHB Reggie Whittemore 0-0: Ball
Ty Waller steals 2nd base (no throw)
1-0: Ball
2-0: Ball
3-0: Called Strike
3-1: Swinging Strike
3-2: Base on Balls
Batting: RHB George Foussianes 0-0: Called Strike
0-1: Ball
1-1: Ball
2-1: Ball
3-1: Base on Balls
Ty Waller to third
Reggie Whittemore to second
Batting: RHB Mark Maher 0-0: Swinging Strike
0-1: SINGLE (Line Drive, 4D, EV 96.9 MPH)
Ty Waller scores
Reggie Whittemore to third
George Foussianes to second
Batting: RHB Douglas Wabeke 0-0: Ball
Balk!
Reggie Whittemore scores
George Foussianes to third
Mark Maher to second
1-0: SINGLE (Groundball, 34D, EV 96.3 MPH)
George Foussianes scores
Mark Maher to third
Batting: RHB Steven Houlberg 0-0: Called Strike
0-1: Called Strike
0-2: Ball
1-2: Foul Ball, location: 2F
1-2: Ball
2-2: Strikes out swinging
Batting: RHB Mark Thiel 0-0: Called Strike
0-1: Called Strike
0-2: Ball
1-2: Foul Ball, location: 2F
1-2: Ball
2-2: Ball
3-2: Base on Balls
Douglas Wabeke to second
Batting: SHB Phillip Doktor 0-0: Ball
1-0: Called Strike
1-1: Foul Ball, location: 2F
1-2: Ball
2-2: Hit by Pitch
Mark Maher scores
Douglas Wabeke to third
Mark Thiel to second
Batting: LHB Arnulfo Camacho 0-0: Ball
1-0: Called Strike
1-1: Fly out, F8 (Line Drive, 8LM, EV 85.6 MPH)
Runner from 3rd tags up, SCORES, throw by CF
Batting: RHB Ty Waller 0-0: Swinging Strike
0-1: Ball
1-1: Called Strike
1-2: Ball
2-2: Foul Ball, location: 2F
2-2: Strikes out swinging
Bottom of the 4th over - 5 runs, 2 hits, 1 error, 2 left on base; Havana 13 - Guadalajara 5
TOP OF THE 5TH
Havana Conejitos batting - Pitching for Guadalajara Marianchis : RHP Michael Moore
Batting: LHB Fernando Vazquez 0-0: Called Strike
0-1: Called Strike
0-2: SINGLE (Groundball, 4D, EV 97.5 MPH)
Batting: RHB Danny Huffstickler 0-0: Called Strike
0-1: Ball
1-1: Ball
2-1: Swinging Strike
2-2: Ball
3-2: Base on Balls
Fernando Vazquez to second
Pitching: RHP David Hanson
Batting: RHB Tracy Cowger 0-0: Called Strike
0-1: SINGLE (Groundball, 6MD, EV 108.1 MPH)
Fernando Vazquez to third
Danny Huffstickler to second
Batting: RHB Victor Mabee 0-0: Ball
1-0: SINGLE (Groundball, 6, EV 88.1 MPH) (infield hit)
Fernando Vazquez scores
Danny Huffstickler to third
Tracy Cowger to second
Batting: RHB Vern Thomas 0-0: Ball
1-0: Foul Ball, location: 2F
1-1: Ball
2-1: Ball
3-1: Called Strike
3-2: Foul Ball, location: 2F
3-2: Base on Balls
Danny Huffstickler scores
Tracy Cowger to third
Victor Mabee to second
Batting: RHB Jesus Alfaro 0-0: Called Strike
0-1: Fly out, F7 (Flyball, 7S, EV 85.0 MPH)
Batting: RHB Marco Mosquera 0-0: Ball
1-0: Ball
2-0: Called Strike
2-1: Foul Ball, location: 2F
2-2: Ball
3-2: GRAND SLAM HOME RUN (Flyball, 78XD, EV 86.9 MPH), Distance : 403 ft
Pitching: RHP Robert Argenti
Batting: RHB Luis Gonzalez 0-0: Ball
1-0: Foul Ball, location: 2F
1-1: Foul Ball, location: 2F
1-2: Ball
2-2: Strikes out swinging
Batting: RHB John Malkin 0-0: Called Strike
0-1: Called Strike
0-2: Ball
1-2: Ball
2-2: Ball
3-2: Fly out, F7 (Flyball, 7LS, EV 85.0 MPH)
Top of the 5th over - 6 runs, 4 hits, 0 errors, 0 left on base; Havana 19 - Guadalajara 5
BOTTOM OF THE 5TH
Guadalajara Marianchis batting - Pitching for Havana Conejitos : RHP Frank Pastore
Batting: RHB Reggie Whittemore 0-0: Foul Ball, location: 2F
0-1: Ball
1-1: Swinging Strike
1-2: Ball
2-2: Ball
3-2: Foul Ball, location: 2F
3-2: Foul Ball, location: 2F
3-2: Foul Ball, location: 2F
3-2: Foul Ball, location: 2F
3-2: Base on Balls
Batting: RHB George Foussianes 0-0: Called Strike
0-1: Called Strike
0-2: Foul Ball, location: 2F
0-2: Foul Ball, location: 2F
0-2: Foul Ball, location: 2F
0-2: Strikes out looking
Batting: RHB Mark Maher 0-0: Called Strike
0-1: Foul Ball, location: 2F
0-2: Ball
Reggie Whittemore steals 2nd base (no throw)
1-2: Foul Ball, location: 2F
1-2: Strikes out looking
Batting: RHB Douglas Wabeke 0-0: Called Strike
0-1: DOUBLE (Flyball, 8LXD, EV 90.0 MPH)
Reggie Whittemore scores
Pitching: LHP Jack W O'Connor
Batting: RHB Steven Houlberg 0-0: Called Strike
0-1: Called Strike
0-2: Ball
1-2: Strikes out swinging
Bottom of the 5th over - 1 run, 1 hit, 0 errors, 1 left on base; Havana 19 - Guadalajara 6
TOP OF THE 6TH
Havana Conejitos batting - Pitching for Guadalajara Marianchis : RHP Robert Argenti
Batting: LHB Fernando Vazquez 0-0: Ball
1-0: Ball
2-0: Swinging Strike
2-1: Ground out U3 (Groundball, 3, EV 99.4 MPH)
Batting: RHB Danny Huffstickler 0-0: Ball
1-0: Ball
2-0: Called Strike
2-1: SINGLE (Groundball, 5D, EV 111.9 MPH)
Batting: RHB Tracy Cowger 0-0: Foul Ball, location: 2F
0-1: Fly out, F7 (Flyball, 7, EV 88.1 MPH)
Batting: RHB Victor Mabee 0-0: Called Strike
0-1: Ball
1-1: TRIPLE (Flyball, 78XD, EV 92.5 MPH)
Danny Huffstickler scores
Batting: RHB Vern Thomas 0-0: Ball
1-0: Called Strike
1-1: Foul Ball, location: 2F
1-2: Strikes out swinging
Top of the 6th over - 1 run, 2 hits, 0 errors, 1 left on base; Havana 20 - Guadalajara 6
BOTTOM OF THE 6TH
Guadalajara Marianchis batting - Pitching for Havana Conejitos : LHP Jack W O'Connor
Batting: RHB Mark Thiel 0-0: Called Strike
0-1: Swinging Strike
0-2: Foul Ball, location: 2F
0-2: SINGLE (Groundball, 6MD, EV 93.8 MPH)
Batting: SHB Phillip Doktor 0-0: Ball
1-0: Ball
2-0: Ground out 4-3 (Groundball, 4S, EV 89.4 MPH)
Mark Thiel to second
Batting: LHB Arnulfo Camacho 0-0: Foul Ball, location: 2F
0-1: Fly out, F9 (Line Drive, 9, EV 99.4 MPH)
Batting: RHB Ty Waller 0-0: Ball
1-0: Called Strike
1-1: Ball
2-1: Ball
3-1: Swinging Strike
3-2: Strikes out swinging
Bottom of the 6th over - 0 runs, 1 hit, 0 errors, 1 left on base; Havana 20 - Guadalajara 6
TOP OF THE 7TH
Havana Conejitos batting - Pitching for Guadalajara Marianchis : RHP Robert Argenti
Pinch Hitting: RHB Ramon Borrero 0-0: Swinging Strike
0-1: Ground out 5-3 (Groundball, 56, EV 108.1 MPH)
Pitching: RHP Marv Chamberlain
Batting: RHB Marco Mosquera 0-0: Called Strike
0-1: Ground out 5-3 (Groundball, 56, EV 101.9 MPH)
Batting: RHB Luis Gonzalez 0-0: Ball
1-0: Ball
2-0: Ball
3-0: Foul Ball, location: 2F
3-1: Base on Balls
Batting: RHB John Malkin 0-0: Ball
1-0: Called Strike
1-1: Ball
2-1: SINGLE (Groundball, 34D, EV 103.1 MPH)
Luis Gonzalez to second
Batting: LHB Fernando Vazquez 0-0: Ball
1-0: Ball
Wild Pitch!
Luis Gonzalez to third
John Malkin to second
2-0: Foul Ball, location: 2F
2-1: Ball
3-1: Base on Balls
Pinch Hitting: RHB Cliff Pastornicky 0-0: Ball
1-0: Fly out, F7 (Line Drive, 7, EV 93.8 MPH)
Top of the 7th over - 0 runs, 1 hit, 0 errors, 3 left on base; Havana 20 - Guadalajara 6
BOTTOM OF THE 7TH
Guadalajara Marianchis batting - Pitching for Havana Conejitos : LHP Jack W O'Connor
Now at 3B: Cliff Pastornicky
Now at SS: Ramon Borrero
Batting: RHB Reggie Whittemore 0-0: Swinging Strike
0-1: Swinging Strike
0-2: Ball
1-2: Foul Ball, location: 2F
1-2: Ball
2-2: Strikes out looking
Pinch Hitting: RHB William Hallstrom 0-0: Foul Ball, location: 2F
0-1: Foul Ball, location: 2F
0-2: Foul Ball, location: 2F
0-2: Ground out 6-3 (Groundball, 6, EV 91.9 MPH)
Batting: RHB Mark Maher 0-0: Foul Ball, location: 2F
0-1: Foul Ball, location: 2F
0-2: Foul Ball, location: 2F
0-2: Ball
1-2: Ball
2-2: Strikes out looking
Bottom of the 7th over - 0 runs, 0 hits, 0 errors, 0 left on base; Havana 20 - Guadalajara 6
TOP OF THE 8TH
Havana Conejitos batting - Pitching for Guadalajara Marianchis : RHP Marv Chamberlain
Now at 1B: David Falkosky
Batting: RHB Tracy Cowger 0-0: Ball
1-0: Fly out, F8 (Flyball, 8LM, EV 84.4 MPH)
Batting: RHB Victor Mabee 0-0: Ground out 2-3 (Groundball, 2L, EV 73.1 MPH)
Pinch Hitting: SHB Bobby Ball 0-0: Hit by Pitch
Batting: RHB Ramon Borrero 0-0: Foul Ball, location: 2F
0-1: Swinging Strike
0-2: Ball
1-2: Foul Ball, location: 2F
1-2: Strikes out looking
Top of the 8th over - 0 runs, 0 hits, 0 errors, 1 left on base; Havana 20 - Guadalajara 6
BOTTOM OF THE 8TH
Guadalajara Marianchis batting - Pitching for Havana Conejitos : LHP Jack W O'Connor
Now in CF: Bobby Ball
Batting: RHB Douglas Wabeke 0-0: Ball
1-0: Fly out, F9 (Flyball, 9D, EV 99.4 MPH)
Batting: RHB Steven Houlberg 0-0: Called Strike
0-1: Ball
1-1: Ball
2-1: Swinging Strike
2-2: Strikes out swinging
Batting: RHB Mark Thiel 0-0: Ball
1-0: Foul Ball, location: 2F
1-1: SINGLE (Line Drive, 7S, EV 89.4 MPH)
Batting: SHB Phillip Doktor 0-0: Called Strike
0-1: Foul Ball, location: 2F
0-2: Ball
1-2: Foul Ball, location: 2F
1-2: Foul Ball, location: 2F
1-2: Strikes out swinging
Bottom of the 8th over - 0 runs, 1 hit, 0 errors, 1 left on base; Havana 20 - Guadalajara 6
TOP OF THE 9TH
Havana Conejitos batting - Pitching for Guadalajara Marianchis : RHP Marv Chamberlain
Batting: RHB Marco Mosquera 0-0: DOUBLE (Groundball, 5L, EV 101.9 MPH)
Batting: RHB Luis Gonzalez 0-0: Called Strike
0-1: Ball
1-1: Ball
2-1: Ground out 6-3 (Groundball, 6, EV 88.8 MPH)
Pitching: RHP Jose Figueroa
Batting: RHB John Malkin 0-0: Ball
Wild Pitch!
Marco Mosquera to third
1-0: Called Strike
1-1: Ball
2-1: Ground out 4-3 (Groundball, 4, EV 101.3 MPH)
Marco Mosquera scores
Batting: LHB Fernando Vazquez 0-0: Ball
1-0: Swinging Strike
1-1: Foul Ball, location: 2F
1-2: Foul Ball, location: 2F
1-2: Fly out, F6 (Popup, 6M, EV 57.5 MPH)
Top of the 9th over - 1 run, 1 hit, 0 errors, 0 left on base; Havana 21 - Guadalajara 6
BOTTOM OF THE 9TH
Guadalajara Marianchis batting - Pitching for Havana Conejitos : LHP Jack W O'Connor
Batting: LHB Arnulfo Camacho 0-0: Ball
1-0: Swinging Strike
1-1: Called Strike
1-2: TRIPLE (Flyball, 89XD, EV 113.8 MPH)
Pitching: RHP Tony Archuleta
Batting: RHB Ty Waller 0-0: SINGLE (Groundball, 5D, EV 104.4 MPH)
Arnulfo Camacho scores
Batting: RHB Reggie Whittemore 0-0: Foul Ball, location: 2F
0-1: Called Strike
0-2: Ball
1-2: Ball
2-2: Fly out, F8 (Flyball, 8RXD, EV 96.9 MPH)
Batting: RHB David Falkosky 0-0: SINGLE (Groundball, 56D, EV 98.1 MPH)
Ty Waller to second
Batting: RHB Mark Maher 0-0: Fly out, F7 (Flyball, 7, EV 86.3 MPH)
Batting: RHB Douglas Wabeke 0-0: Called Strike
0-1: Swinging Strike
0-2: Foul Ball, location: 2F
0-2: Ball
1-2: Ball
2-2: Strikes out swinging
Bottom of the 9th over - 1 run, 3 hits, 0 errors, 2 left on base; Havana 21 - Guadalajara 7
Saturday, June 27th, 2020 - OOTP Baseball 21.4 Build 63